PIO (24 & UNDER)
CHULA VISTA TACOS @ SURREY SINNERS
06/23/2028
 
TOP OF THE 1ST
Chula Vista Tacos batting - Pitching for Surrey Sinners : RHP Sergio Chávez
Pitching: RHP Sergio Chávez
Batting: RHB Matt O'Rourke 0-0: Called Strike
0-1: Ball
1-1: Foul Ball, location: 2F
1-2: Ball
2-2: Strikes out looking
Batting: RHB Ron Garrett 0-0: Foul Ball, location: 2F
0-1: Ball
1-1: Ball
2-1: Called Strike
2-2: Strikes out looking
Batting: LHB Steven Smith 0-0: Ball
1-0: Foul Ball, location: 2F
1-1: Ball
2-1: Ball
3-1: SINGLE (Groundball, 6D)
Batting: RHB Jake Lawrence 0-0: Fly out, F8 (Flyball, 8LXD)
Top of the 1st over - 0 run(s), 1 hit(s), 0 error(s), 1 left on base; Chula Vista 0 - Surrey 0
BOTTOM OF THE 1ST
Surrey Sinners batting - Pitching for Chula Vista Tacos : LHP José Hernando
Pitching: LHP José Hernando
Batting: RHB Jorge Barrios 0-0: Ball
1-0: Foul Ball, location: 2F
1-1: DOUBLE (Flyball, 8LXD)
Batting: RHB Félix Carbajal 0-0: Called Strike
0-1: Ball
1-1: Foul Ball, location: 2F
1-2: Strikes out looking
Batting: RHB Marcos Liñares 0-0: Ball
1-0: Ground out 5-3 (Groundball, 56S)
Jorge Barrios to third
Batting: RHB Roberto Ybarra 0-0: Called Strike
0-1: Called Strike
0-2: Strikes out swinging
Bottom of the 1st over - 0 run(s), 1 hit(s), 0 error(s), 1 left on base; Chula Vista 0 - Surrey 0
TOP OF THE 2ND
Chula Vista Tacos batting - Pitching for Surrey Sinners : RHP Sergio Chávez
Batting: LHB Nick Hill 0-0: Ball
1-0: Called Strike
1-1: Ball
2-1: Foul Ball, location: 2F
2-2: Ball
3-2: Strikes out swinging
Batting: RHB Juan Morales 0-0: Ball
1-0: Foul Ball, location: 2F
1-1: Foul Ball, location: 2F
1-2: DOUBLE (Line Drive, 7LM)
Batting: RHB Domynguos Tabucchi 0-0: Ball
1-0: Ground out 6-3 (Groundball, 56)
Batting: RHB Guillermo Deleón 0-0: Ball
1-0: Ball
2-0: Called Strike
2-1: Ball
3-1: Fly out, F8 (Flyball, 8LM)
Top of the 2nd over - 0 run(s), 1 hit(s), 0 error(s), 1 left on base; Chula Vista 0 - Surrey 0
BOTTOM OF THE 2ND
Surrey Sinners batting - Pitching for Chula Vista Tacos : LHP José Hernando
Batting: RHB John Stevens 0-0: Foul Ball, location: 2F
0-1: Fly out, F4 (Popup, 34D)
Batting: LHB Jorge Martínez 0-0: Ground out 4-3 (Groundball, 4)
Batting: RHB Clarence Harrison 0-0: Ball
1-0: Ground out 3-1 (Groundball, 23)
Bottom of the 2nd over - 0 run(s), 0 hit(s), 0 error(s), 0 left on base; Chula Vista 0 - Surrey 0
TOP OF THE 3RD
Chula Vista Tacos batting - Pitching for Surrey Sinners : RHP Sergio Chávez
Batting: RHB Júlio García 0-0: Ball
1-0: Hit by Pitch
Batting: RHB Matt O'Rourke 0-0: SINGLE (Line Drive, 89M)
Júlio García to second
Batting: RHB Ron Garrett 0-0: Ball
1-0: Foul Ball, location: 2F
1-1: Called Strike
1-2: Foul Ball, location: 2F
1-2: Ball
2-2: Foul Ball, location: 2F
2-2: Foul Ball, location: 2F
2-2: Fly out, F8 (Flyball, 8LM)
Batting: LHB Steven Smith 0-0: Called Strike
0-1: SINGLE (Line Drive, 34D)
Júlio García to third
Matt O'Rourke to second
Runner from 3rd tries for Home, SAFE, no throw
Batting: RHB Jake Lawrence 0-0: Ball
1-0: Fly out, F8 (Flyball, 8RD)
Runner from 2nd tags up, SAFE at 3rd, no throw
Batting: LHB Nick Hill 0-0: Fly out, F6 (Popup, 6)
Top of the 3rd over - 1 run(s), 2 hit(s), 0 error(s), 2 left on base; Chula Vista 1 - Surrey 0
BOTTOM OF THE 3RD
Surrey Sinners batting - Pitching for Chula Vista Tacos : LHP José Hernando
Batting: RHB Robert Koremans 0-0: Ball
1-0: Called Strike
1-1: Ball
2-1: Ball
3-1: Foul Ball, location: 2F
3-2: Strikes out swinging
Batting: RHB Mitchell Darragh 0-0: Ground out 6-3 (Groundball, 6)
Batting: RHB Jorge Barrios 0-0: Swinging Strike
0-1: Foul Ball, location: 2F
0-2: Strikes out looking
Bottom of the 3rd over - 0 run(s), 0 hit(s), 0 error(s), 0 left on base; Chula Vista 1 - Surrey 0
TOP OF THE 4TH
Chula Vista Tacos batting - Pitching for Surrey Sinners : RHP Sergio Chávez
Batting: RHB Juan Morales 0-0: Ball
1-0: SINGLE (Flyball, 89S)
Batting: RHB Domynguos Tabucchi 0-0: Ball
Juan Morales steals 2nd base
1-0: Called Strike
1-1: Ball
2-1: Ball
3-1: Foul Ball, location: 2F
3-2: Fly out, F7 (Flyball, 7LM)
Batting: RHB Guillermo Deleón 0-0: Hit by Pitch
Batting: RHB Júlio García 0-0: Called Strike
Juan Morales steals 3rd base
Guillermo Deleón to second
0-1: Ball
1-1: Ball
2-1: Foul Ball, location: 2F
2-2: Ball
3-2: Base on Balls
Batting: RHB Matt O'Rourke 0-0: Fly out, F7 (Flyball, 7LM)
Runner from 3rd tags up, SCORES, no throw
Batting: RHB Ron Garrett 0-0: Ball
1-0: Ball
2-0: Ball
3-0: Called Strike
3-1: Swinging Strike
3-2: Base on Balls
Guillermo Deleón to third
Júlio García to second
Batting: LHB Steven Smith 0-0: Called Strike
0-1: Ball
1-1: Called Strike
1-2: Strikes out swinging
Top of the 4th over - 1 run(s), 1 hit(s), 0 error(s), 3 left on base; Chula Vista 2 - Surrey 0
BOTTOM OF THE 4TH
Surrey Sinners batting - Pitching for Chula Vista Tacos : LHP José Hernando
Batting: RHB Félix Carbajal 0-0: Called Strike
0-1: Fly out, F9 (Flyball, 9S)
Batting: RHB Marcos Liñares 0-0: TRIPLE (Line Drive, 9LM)
Batting: RHB Roberto Ybarra 0-0: Swinging Strike
0-1: Ball
1-1: Foul Ball, location: 2F
1-2: Foul Ball, location: 2F
1-2: Hit by Pitch
Batting: RHB John Stevens 0-0: Foul Ball, location: 2F
0-1: Ball
1-1: Fly out, F3 (Popup, 34)
Batting: LHB Jorge Martínez 0-0: Ball
1-0: SINGLE (Flyball, 7LS)
Marcos Liñares scores
Roberto Ybarra to second
Batting: RHB Clarence Harrison 0-0: Ball
1-0: Fly out, F6 (Popup, 6)
Bottom of the 4th over - 1 run(s), 2 hit(s), 0 error(s), 2 left on base; Chula Vista 2 - Surrey 1
TOP OF THE 5TH
Chula Vista Tacos batting - Pitching for Surrey Sinners : RHP Sergio Chávez
Batting: RHB Jake Lawrence 0-0: Called Strike
0-1: Ball
1-1: Called Strike
1-2: Ball
2-2: Ball
3-2: SINGLE (Line Drive, 56)
Batting: LHB Nick Hill 0-0: Ball
1-0: Ball
2-0: Ball
3-0: Base on Balls
Jake Lawrence to second
Pitching: RHP Doug Spencer
Batting: RHB Juan Morales 0-0: Fly out, F6 (Popup, 56D)
Batting: RHB Domynguos Tabucchi 0-0: Ball
1-0: Fly out, F8 (Flyball, 8LD)
Batting: RHB Guillermo Deleón 0-0: Called Strike
0-1: Fly out, F8 (Flyball, 89S)
Top of the 5th over - 0 run(s), 1 hit(s), 0 error(s), 2 left on base; Chula Vista 2 - Surrey 1
BOTTOM OF THE 5TH
Surrey Sinners batting - Pitching for Chula Vista Tacos : LHP José Hernando
Batting: RHB Robert Koremans 0-0: SINGLE (Flyball, 8RS)
Batting: RHB Mitchell Darragh 0-0: Called Strike
0-1: Ball
1-1: Foul Ball, location: 2F
1-2: Foul Ball, location: 2F
1-2: Ball
2-2: Ball
3-2: SINGLE (Groundball, 56D)
Robert Koremans to second
Batting: RHB Jorge Barrios 0-0: Ball
1-0: Ball
2-0: Ball
3-0: Base on Balls
Robert Koremans to third
Mitchell Darragh to second
Batting: RHB Félix Carbajal 0-0: Called Strike
0-1: Ball
1-1: Foul Ball, location: 2F
1-2: SINGLE (Groundball, 56)
Robert Koremans scores
Mitchell Darragh to third
Jorge Barrios to second
Runner from 3rd tries for Home, SAFE, no throw
Batting: RHB Marcos Liñares 0-0: Called Strike
0-1: Ball
1-1: Swinging Strike
1-2: Fly out, F7 (Flyball, 7D)
Runner from 2nd tags up, SAFE at 3rd, no throw
Batting: RHB Roberto Ybarra 0-0: Swinging Strike
0-1: Ball
1-1: Ball
2-1: Ball
3-1: Base on Balls
Félix Carbajal to second
Batting: RHB John Stevens 0-0: Ball
1-0: Fly out, F8 (Flyball, 8RM)
Runner from 3rd tags up, SCORES, throw made
Pitching: RHP Ron Davis
Batting: LHB Jorge Martínez 0-0: Foul Ball, location: 2F
0-1: Foul Ball, location: 2F
0-2: Ball
1-2: SINGLE (Groundball, 34D)
Félix Carbajal to third
Roberto Ybarra to second
Runner from 3rd tries for Home, SAFE, throw made home
Roberto Ybarra to third
Jorge Martínez to second
Batting: RHB Clarence Harrison 0-0: Called Strike
0-1: Called Strike
0-2: Strikes out swinging
Bottom of the 5th over - 4 run(s), 4 hit(s), 0 error(s), 2 left on base; Chula Vista 2 - Surrey 5
TOP OF THE 6TH
Chula Vista Tacos batting - Pitching for Surrey Sinners : RHP Doug Spencer
Batting: RHB Júlio García 0-0: Ball
1-0: Ball
2-0: Ball
3-0: Called Strike
3-1: Called Strike
3-2: Foul Ball, location: 2F
3-2: Ground out 3-1 (Groundball, 34)
Batting: RHB Matt O'Rourke 0-0: Ball
1-0: Ball
2-0: Called Strike
2-1: Swinging Strike
2-2: Strikes out swinging
Batting: RHB Ron Garrett 0-0: Called Strike
0-1: Swinging Strike
0-2: Ball
1-2: Strikes out looking
Top of the 6th over - 0 run(s), 0 hit(s), 0 error(s), 0 left on base; Chula Vista 2 - Surrey 5
BOTTOM OF THE 6TH
Surrey Sinners batting - Pitching for Chula Vista Tacos : RHP Ron Davis
Batting: RHB Robert Koremans 0-0: Called Strike
0-1: Swinging Strike
0-2: Strikes out looking
Batting: RHB Mitchell Darragh 0-0: Called Strike
0-1: Foul Ball, location: 2F
0-2: Strikes out looking
Batting: RHB Jorge Barrios 0-0: Ball
1-0: Called Strike
1-1: Ball
2-1: Fly out, F3 (Line Drive, 34S)
Bottom of the 6th over - 0 run(s), 0 hit(s), 0 error(s), 0 left on base; Chula Vista 2 - Surrey 5
TOP OF THE 7TH
Chula Vista Tacos batting - Pitching for Surrey Sinners : RHP Doug Spencer
Batting: LHB Steven Smith 0-0: Fly out, F2 (Popup, 5S)
Batting: RHB Jake Lawrence 0-0: Ball
1-0: Ball
2-0: Ball
3-0: Called Strike
3-1: Base on Balls
Batting: LHB Nick Hill 0-0: Called Strike
0-1: Ball
1-1: 2-RUN HOME RUN (Flyball, 89XD), Distance : 400 ft
Pitching: LHP Ramón Cardenas
Batting: RHB Juan Morales 0-0: Foul Ball, location: 2F
0-1: Ball
1-1: Ball
2-1: Ground out 4-3 (Groundball, 4S)
Batting: RHB Domynguos Tabucchi 0-0: Ball
1-0: Foul Ball, location: 2F
1-1: Foul Ball, location: 2F
1-2: Ground out 6-3 (Groundball, 6)
Top of the 7th over - 2 run(s), 1 hit(s), 0 error(s), 0 left on base; Chula Vista 4 - Surrey 5
BOTTOM OF THE 7TH
Surrey Sinners batting - Pitching for Chula Vista Tacos : RHP Ron Davis
Batting: RHB Félix Carbajal 0-0: Called Strike
0-1: Ball
1-1: Foul Ball, location: 2F
1-2: Ball
2-2: Ball
3-2: SOLO HOME RUN (Flyball, 9D), Distance : 364 ft
Batting: RHB Marcos Liñares 0-0: Ball
1-0: Ball
2-0: Ground out 4-3 (Groundball, 4)
Batting: RHB Roberto Ybarra 0-0: Called Strike
0-1: Foul Ball, location: 2F
0-2: Ball
1-2: Foul Ball, location: 2F
1-2: SINGLE (Groundball, 56D)
Batting: RHB John Stevens 0-0: Foul Ball, location: 2F
0-1: Ball
1-1: Ball
2-1: Ball
3-1: Fly out, F2 (Popup, 3S)
Batting: LHB Jorge Martínez 0-0: Ball
1-0: Ground out 4-3 (Groundball, 4MD)
Bottom of the 7th over - 1 run(s), 2 hit(s), 0 error(s), 1 left on base; Chula Vista 4 - Surrey 6
TOP OF THE 8TH
Chula Vista Tacos batting - Pitching for Surrey Sinners : LHP Ramón Cardenas
Batting: RHB Guillermo Deleón 0-0: Called Strike
0-1: Foul Ball, location: 2F
0-2: Ball
1-2: Strikes out swinging
Batting: RHB Júlio García 0-0: Ball
1-0: Ball
2-0: DOUBLE (Groundball, 5L)
Pitching: RHP Jim Rawnsley
Batting: RHB Matt O'Rourke 0-0: Called Strike
0-1: Ball
1-1: Foul Ball, location: 2F
1-2: Foul Ball, location: 2F
1-2: Strikes out looking
Batting: RHB Ron Garrett 0-0: Called Strike
0-1: Ball
1-1: Called Strike
1-2: Foul Ball, location: 2F
1-2: Strikes out looking
Top of the 8th over - 0 run(s), 1 hit(s), 0 error(s), 1 left on base; Chula Vista 4 - Surrey 6
BOTTOM OF THE 8TH
Surrey Sinners batting - Pitching for Chula Vista Tacos : RHP Ron Davis
Batting: RHB Clarence Harrison 0-0: Fly out, F9 (Flyball, 9S)
Batting: RHB Robert Koremans 0-0: SINGLE (Line Drive, 8LS)
Batting: RHB Mitchell Darragh 0-0: Ball
1-0: Grounds into double play, 6-4-3 (Groundball, 6)
Bottom of the 8th over - 0 run(s), 1 hit(s), 0 error(s), 0 left on base; Chula Vista 4 - Surrey 6
TOP OF THE 9TH
Chula Vista Tacos batting - Pitching for Surrey Sinners : RHP Jim Rawnsley
Pitching: LHP Miguel Pazo
Batting: LHB Steven Smith 0-0: Ball
1-0: Ball
2-0: Called Strike
2-1: Ball
3-1: Foul Ball, location: 2F
3-2: Strikes out swinging
Batting: RHB Jake Lawrence 0-0: Ball
1-0: Ball
2-0: Foul Ball, location: 2F
2-1: Ball
3-1: Foul Ball, location: 2F
3-2: Strikes out looking
Batting: LHB Nick Hill 0-0: Ball
1-0: Called Strike
1-1: Foul Ball, location: 2F
1-2: Strikes out swinging
Top of the 9th over - 0 run(s), 0 hit(s), 0 error(s), 0 left on base; Chula Vista 4 - Surrey 6
Tuesday, August 8th, 2017 - OOTP Baseball 17.12 Build 75